 Dungeon Crawl Stone Soup version 0.31-a0-221-gbddc013574 (webtiles) character file.

Game seed: 3407547352798634134

102 qw the Shooter (level 4, -2/26 HPs)
             Began as a Gargoyle Hexslinger on July 4, 2023.
             Killed by divine providence
             ... invoked by an orc priest
              (13 damage)
             ... on level 3 of the Dungeon.
             The game lasted 00:00:46 (1978 turns).

qw the Shooter (Gargoyle Hexslinger)                Turns: 1978, Time: 00:00:46

Health: -2/26      AC:  9    Str: 12    XL:     4   Next: 78%
Magic:  5/5        EV: 10    Int: 13    God:
Gold:   1          SH:  0    Dex: 14    Spells: 4/5 levels left

rFire   . . .        Y - +1 sling
rCold   . . .        (no shield)
rNeg    + . .        h - +0 ring mail
rPois   inf          (no helmet)
rElec   +            (no cloak)
rCorr   .            (no gloves)
SInv    .            (no boots)
Will    .....        (no amulet)
Stlth   +            (no ring)
HPRegen 0.24/turn    (no ring)
MPRegen 0.09/turn

%: no passive effects
@: no status effects
A: sickness immunity, AC +3, negative energy resistance 1, electricity
resistance, torment resistance 1, petrification resistance
a: no special abilities


You were on level 3 of the Dungeon.
You visited 1 branch of the dungeon, and saw 4 of its levels.

You collected 92 gold pieces.
You spent 91 gold pieces at shops.


Innate Abilities, Weirdness & Mutations

You are immune to sickness and miasma.
Your stone body is resilient. (AC +3)
You are immune to poison.
You resist negative energy. (rN+)
You are resistant to electric shocks. (rElec)
You are resistant to unholy torment.
You are immune to petrification.


   Skills:
 - Level 2.0 Fighting
 + Level 4.0 Ranged Weapons
 - Level 1.9 Armour
 - Level 1.5 Dodging
 - Level 1.0 Spellcasting
 - Level 2.6 Hexes


You had 4 spell levels left.
You knew the following spells:

 Your Spells              Type           Power      Damage    Failure   Level
a - Slow                  Hex            28%        N/A       21%         1

Your spell library contained the following spells:

 Spells                   Type           Power      Damage    Failure   Level
 Inner Flame              Hex/Fire       4%         N/A       71%         3
 Portal Projectile        Hex/Tloc       8%         N/A       71%         3
 Cause Fear               Hex            3%         N/A       90%         4

Inventory:

Hand Weapons
 Y - a +1 sling (weapon)
Armour
 h - a +0 ring mail (worn)
Scrolls
 a - a scroll of identify
 c - 2 scrolls of teleportation
 g - a scroll of enchant armour

Dungeon Overview and Level Annotations

Branches:
Dungeon (4/15)
 Temple: D:4-7

Altars:
Nemelex Xobeh

Shops:
D:3 ?


Message History

Enter note:
Enter note:
Enter note:
Enter note: You shoot a sling bullet.
The sling bullet hits the orc wizard.
The orc wizard is moderately wounded.
The orc priest hits you with a +0 dagger.
The orc wizard hits you but does no damage.
You shoot a sling bullet.
The sling bullet hits the orc wizard but does no damage.
The orc wizard is moderately wounded.
The orc priest hits you with a +0 dagger.
The orc wizard closely misses you. The orc priest closely misses you.
The orc wizard closely misses you.
You shoot a sling bullet. The sling bullet hits the orc wizard.
The orc wizard is severely wounded.
The orc priest hits you but does no damage.
The orc wizard hits you but does no damage.
You shoot a sling bullet.
The sling bullet barely misses the orc wizard.
You feel a little less clever now.
The orc priest hits you with a +0 dagger.
The orc wizard points at you and mumbles some strange words.
You are confused.
The orc priest hits you with a +0 dagger.
The orc wizard mumbles some strange words.
The orc wizard flickers and vanishes!
Deactivating autopickup; reactivate with Ctrl-A.
The orc priest barely misses you. Something hits you.
The orc priest hits you but does no damage.
Something hits you but does no damage.
The orc priest hits you with a +0 dagger.
Something hits you but does no damage.
The orc priest hits you with a +0 dagger.
Something hits you but does no damage.
You feel less confused.
The orc priest invokes the aid of Beogh against you.
Beogh smites you!
Ouch! That really hurt!
You die...

..............#....#
##.###..# #
..........#####.####
#......### ..........# #.#
####...#..
........#.#####.### #.....#
#.<....##....##...##
###..###
############..###..#
##...#### ##..###.#
####....# #.
####.o.#.###....#..###.
#.....@{...............
#.............###.#.#..
######...........### #.#..#.
#.......#.#.#.#.######.##...
#...........##..###......#..
#.......###....###..........
#######..##.##.##..........#
##.##.#..##.....%....#
###.#..................


You could see an orc priest.

Vanquished Creatures
  Terence (D:3)
  An adder (D:3)
  3 dart slugs
  2 orcs
  3 ball pythons
  6 endoplasms
  5 giant cockroaches
  8 goblins
  9 hobgoblins
  2 quokkas
  3 bats
  2 frilled lizards
  3 kobolds (D:1)
  5 rats
53 creatures vanquished.

Notes
Turn   | Place    | Note
-------+----------+-------------------------------------------
     0 | D:1      | qw the Gargoyle Hexslinger began the quest for the Orb.
     0 | D:1      | Reached XP level 1. HP: 12/12 MP: 2/2
     0 | D:1      | 0 ||| qw: Version: 0.3-a-40-ge99b1a8
     0 | D:1      | 0 ||| qw: Game counter: 660
     0 | D:1      | 0 ||| qw: Melee chars always use a shield: true
     0 | D:1      | 0 ||| qw: God list: Okawaru
     0 | D:1      | 0 ||| qw: Allow faded altars: false
     0 | D:1      | 0 ||| qw: Do Orc after clearing Dungeon:15 true
     0 | D:1      | 0 ||| qw: Do second Lair branch before Depths: true
     0 | D:1      | 0 ||| qw: Lair rune preference: random
     0 | D:1      | 0 ||| qw: Goals: Normal
     0 | D:1      | 0 ||| PLANNING D:1-11
    78 | D:1      | Reached XP level 2. HP: 15/16 MP: 3/3
   105 | D:1      | Reached skill level 3 in Ranged Weapons
   275 | D:1      | Reached XP level 3. HP: 21/21 MP: 4/4
   342 | D:1      | Found a faded altar of an unknown god.
   903 | D:1      | 903 ||| DROPPING scroll of poison.
   979 | D:2      | 979 ||| STAIRDANCE
  1460 | D:2      | 1460 ||| UPGRADING to +0 ring mail.
  1470 | D:2      | 1470 ||| DROPPING +0 robe.
  1471 | D:2      | 1471 ||| READING 2 scrolls labelled ENKAUN VEHOITE.
  1472 | D:2      | 1472 ||| READING scroll labelled RIMUANUNTIMY.
  1473 | D:2      | 1473 ||| READING 2 scrolls labelled JIYTRE QODDUXU.
  1580 | D:3      | Reached XP level 4. HP: 22/26 MP: 5/5
  1623 | D:3      | Found a sparkling altar of Nemelex Xobeh.
  1642 | D:3      | Reached skill level 4 in Ranged Weapons
  1642 | D:3      | Found Uduupa's Magic Scroll Shop.
  1689 | D:3      | 1689 ||| SHOPLISTING 3 scrolls of enchant weapon (292 gold,
                  | have 92).
  1689 | D:3      | 1689 ||| SHOPLISTING scroll of enchant armour (97 gold,
                  | have 92).
  1689 | D:3      | 1689 ||| BUYING scroll of identify (26 gold).
  1689 | D:3      | Bought a scroll of identify for 26 gold pieces
  1689 | D:3      | 1689 ||| BUYING scroll of identify (26 gold).
  1689 | D:3      | Bought a scroll of identify for 26 gold pieces
  1689 | D:3      | 1689 ||| BUYING scroll of teleportation (39 gold).
  1689 | D:3      | Bought a scroll of teleportation for 39 gold pieces
  1840 | D:3      | Noticed Terence
  1849 | D:3      | Killed Terence
  1850 | D:3      | Reached skill level 1 in Armour
  1936 | D:3      | 1936 ||| DRINKING 2 emerald potions.
  1937 | D:3      | 1937 ||| READING 3 scrolls of identify.
  1937 | D:3      | 1937 ||| IDENTIFYING silvery potion
  1938 | D:3      | 1938 ||| READING 2 scrolls of identify.
  1938 | D:3      | 1938 ||| IDENTIFYING bubbling inky potion
  1939 | D:3      | 1939 ||| DROPPING potion of brilliance.
  1940 | D:3      | 1940 ||| DROPPING potion of magic.
  1941 | D:3      | 1941 ||| DROPPING potion of lignification.
  1967 | D:4      | 1967 ||| STAIRDANCE
  1978 | D:3      | Killed from afar by an orc priest

Levels and vault maps discovered:
D:1:      amcnicky_arrival_double_pillar, layout_basic,
          shapermc_ecumenical_altar_flowoftime
D:2:      layout_rooms, serial_forest, infiniplex_forest_end_2,
          infiniplex_forest_diagonal, infiniplex_forest_corner_1,
          infiniplex_forest_clump_C, infiniplex_forest_end_2,
          infiniplex_forest_fountain
D:3:      layout_rooms, mainiacjoe_overflow_surrounded_room, serial_shops, shop,
          uniq_terence
D:4:      layout_cave_pods

Skill      XL: |  1  2  3  4 |
---------------+-------------+-----
Ranged Weapons | 3 4 |  4.0
Fighting       | 2 |  2.0
Armour         | 1 |  1.9
Dodging        | |  1.5
Spellcasting   | |  1.0
Hexes          | |  2.6

Action                     |  1- 3 |  4- 6 || total
---------------------------+-------+-------++-------
   Fire: Sling             |   122 |    54 ||   176
    Use: Scroll            |     3 |     2 ||     5
         Potion            |       |     1 ||     1
 Armour: Robe              |    17 |       ||    17
         Ring mail         |     1 |    21 ||    22
  Dodge: Dodged            |    21 |    15 ||    36

Table legend:
 A = Non-vault XP
 B = Vault XP
 C = Vault XP percentage of total XP
 D = Non-vault monster count
 E = Vault monster count
 F = Vault count percentage of total count
                 A         B        C        D         E       F
            +---------+---------+-------+---------+---------+-------
      Total |     111 |      36 |  24.5 |      52 |       1 |   1.9
            +---------+---------+-------+---------+---------+-------
        D:1 |      51 |       0 |   0.0 |      27 |       0 |   0.0
        D:2 |      20 |       0 |   0.0 |      10 |       0 |   0.0
        D:3 |      37 |      36 |  49.3 |      14 |       1 |   6.7
        D:4 |       3 |       0 |   0.0 |       1 |       0 |   0.0
            +---------+---------+-------+---------+---------+-------
